 Dungeon Crawl Stone Soup version 0.25.1-1-g288607f5aa (webtiles) character file.

Game seed: 10444499890606152635

32 Asdor the Skirmisher (level 3, -2/29 HPs)
             Began as a Demonspawn Abyssal Knight on July 23, 2020.
             Was a Follower of Lugonu.
             Slain by Terence
             ... wielding a +0 flail
              (6 damage)
             ... on level 1 of the Dungeon.
             The game lasted 00:02:26 (1227 turns).

Asdor the Skirmisher (Demonspawn Abyssal Knight)    Turns: 1227, Time: 00:02:27

Health: -2/29      AC:  3    Str: 11 (12) XL:     3   Next: 10%
Magic:  4/4        EV: 11    Int: 10 (13) God:    Lugonu [*.....]
Gold:   30         SH:  0    Dex: 11 (13) Spells: 2/2 levels left

rFire    . . .     SeeInvis .   a - +1 spear
rCold    . . .     Gourm    .   (no shield)
rNeg     . . .     Faith    .   b - +0 leather armour
rPois    .         Spirit   .   (helmet restricted)
rElec    .         Reflect  .   (no cloak)
rCorr    .         Harm     .   (no gloves)
MR       .....                  (no boots)
Stlth    +.........             (no amulet)
HPRegen  0.09/turn              (no ring)
MPRegen  0.09/turn              (no ring)

@: no status effects
A: antennae 1
a: Depart the Abyss, Renounce Religion


You were on level 1 of the Dungeon.
You worshipped Lugonu.
Lugonu was aware of your devotion.
You were not hungry.

You visited 1 branch of the dungeon, and saw 2 of its levels.
You visited the Abyss 1 time.

You collected 30 gold pieces.

Inventory:

Hand Weapons
 a - a +1 spear (weapon)
Armour
 b - a +0 leather armour (worn)
Wands
 d - a wand of enslavement (6)
Scrolls
 f - a scroll of remove curse {unknown}
 l - a scroll of identify {unknown}
 m - a scroll of enchant armour {unknown}
Potions
 e - a potion of curing {unknown}
 g - a potion of resistance {unknown}
 h - a potion of flight {unknown}
 i - a potion of might {unknown}
 j - a potion of berserk rage {unknown}
 k - a potion of degeneration
Comestibles
 c - 3 rations


   Skills:
 + Level 3.2 Fighting
 * Level 2.4 Polearms
 + Level 2.1 Armour
 + Level 1.3 Dodging
 - Level 2.6 Invocations


You had 2 spell levels left.
You didn't know any spells.
Your spell library was empty.

Dungeon Overview and Level Annotations

Branches:
Dungeon (2/15)

Altars:
Fedhas

Annotations:
D:1 Terence


Innate Abilities, Weirdness & Mutations

You have a pair of small antennae on your head.


Message History

You see here a scroll labeled NAWAICUIGHE.
m - a scroll labeled NAWAICUIGHE You feel sick.
Terence barely misses you.
There is a stone staircase leading up here.
You feel sick.
You are no longer poisoned.
You climb upwards.
There is a stone staircase leading down here.
You hit Terence but do no damage. Terence hits you but does no damage.
You hit Terence but do no damage. Terence hits you with a +0 flail.
You closely miss Terence. Terence hits you with a +0 flail!
You hit Terence.
Terence is moderately wounded.
Terence hits you with a +0 flail!
* * * LOW HITPOINT WARNING * * *
It was a potion of degeneration.
There was something very wrong with that liquid.
You feel weakened.
You feel dopey.
You feel clumsy. Terence hits you with a +0 flail.
You die...

#..........# #...........)
#.####.....#######..######.#..
#.# ##.............# #.#.# #(#
############..# ####.#.#
#.#### #..# #....#.# #.†..#
#..###.####.# ####.# ##....#.#
#.# #.# ########.....#.####.#
#.# #.)@@................ #.#
#.####............### #.# #.#
#..........#.# ##.##
#.####..........#)#
####...####.....#......####.#
#....#......###.##.....# #.#
#.##...###.............# #.#
#.###.## #..###.###########.#
#.# #.# #..# #.# #.........#


You could see Terence.

Vanquished Creatures
  An adder (D:2)
  A dart slug (D:1)
  3 giant cockroaches (D:1)
  4 goblins (D:1)
  2 hobgoblins (D:1)
  3 bats (D:1)
  3 frilled lizards
  2 kobolds (D:1)
  4 rats (D:1)
23 creatures vanquished.

Notes
Turn   | Place    | Note
-------+----------+-------------------------------------------
     0 | Abyss:1  | Asdor the Demonspawn Abyssal Knight began the quest for the
                  | Orb.
     0 | Abyss:1  | Reached XP level 1. HP: 18/18 MP: 2/2
     2 | Abyss:1  | Found a corrupted altar of Lugonu.
    54 | Abyss:2  | Noticed a smoke demon
    67 | Abyss:2  | Noticed an efreet
    74 | Abyss:2  | Noticed a large abomination
    75 | D:1      | Escaped the Abyss
   266 | D:1      | Reached skill level 1 in Dodging
   277 | D:1      | Gained mutation: You have a pair of small antennae on your
                  | head. [demonic ancestry]
   277 | D:1      | Reached XP level 2. HP: 11/24 MP: 3/3
   553 | D:1      | Reached * piety under Lugonu
  1205 | D:2      | Reached XP level 3. HP: 26/29 MP: 4/4
  1211 | D:2      | Noticed Terence
  1213 | D:2      | Found a blossoming altar of Fedhas.
  1227 | D:1      | Slain by Terence

Illustrated notes

Levels and vault maps discovered:
D:1:      lightli_arrival_chessboard, layout_loops_ring
D:2:      layout_rooms, chequers_temple_overflow_statue_of_worship,
          kennysheep_generic_room_3, uniq_terence

Skill      XL: |  1  2 |
---------------+-------+-----
Dodging        | 1 |  1.3
Polearms       | 2 |  2.4
Armour         | 2 |  2.1
Fighting       | |  3.2
Invocations    | |  2.6

Action                   || total
-------------------------++-------
Melee: Spear             ||    86
Invok: Depart the Abyss  ||     1
  Use: Scroll            ||     1
       Potion            ||     1
  Eat: Chunk             ||     1
Armor: Leather armour    ||    18
Dodge: Dodged            ||    29
